 Dungeon Crawl Stone Soup version 0.28.0-49-g6dfe1f597d (webtiles) character file.

Game seed: 7243568076973268898

3473 Exodus22XD the Cleaver (level 9, -4/78 (79) HPs)
             Began as a Minotaur Fighter on May 14, 2022.
             Was a Believer of Okawaru.
             Slain by a two-headed ogre
             ... wielding a +0 giant club
              (9 damage)
             ... on level 8 of the Dungeon.
             The game lasted 00:05:53 (8462 turns).

Exodus22XD the Cleaver (Minotaur Fighter)           Turns: 8462, Time: 00:05:53

HP:   -4/78 (79)    AC: 20    Str: 24    XL:     9   Next: 79%
MP:   11/11         EV:  9    Int:  5    God:    Okawaru [**....]
Gold: 374           SH:  6    Dex: 11    Spells: 8/8 levels left

rFire   . . .      SeeInvis .   a - +0 war axe
rCold   . . .      Faith    .   c - +0 buckler
rNeg    . . .      Spirit   .   B - +0 plate armour
rPois   +          Reflect  .   (helmet restricted)
rElec   .          Harm     .   w - +0 cloak
rCorr   .          Rampage  .   (no gloves)
Will    .....                   d - +1 pair of boots
Stlth   ..........              z - amulet of magic regeneration
HPRegen 0.23/turn               x - ring of poison resistance
MPRegen 0.52/turn               (no ring)

@: heroic, lightly drained
A: horns 2, retaliatory headbutt
a: Renounce Religion, Heroism


You were on level 8 of the Dungeon.
You worshipped Okawaru.
Okawaru was pleased with you.
You visited 2 branches of the dungeon, and saw 9 of its levels.

You collected 374 gold pieces.

Inventory:

Hand Weapons
 a - a +0 war axe (weapon)
 r - a +4 flail
Missiles
 b - 3 throwing nets (quivered)
Armour
 c - a +0 buckler (worn)
 d - a +1 pair of boots (worn)
 w - a +0 cloak (worn)
 B - a +0 plate armour (worn)
Jewellery
 q - a ring of flight
 x - a ring of poison resistance (left hand)
 z - an amulet of magic regeneration (around neck)
Wands
 u - a wand of digging (4)
 y - a wand of iceblast (9)
Scrolls
 g - 2 scrolls of fog {unknown}
 h - 3 scrolls of amnesia {unknown}
 i - a scroll of blinking {unknown}
 j - 4 scrolls of enchant weapon
 l - 2 scrolls of teleportation {unknown}
 n - 7 scrolls of identify
 o - a scroll of torment {unknown}
 A - a scroll of fear {unknown}
Potions
 e - 5 potions of curing
 f - a potion of brilliance {unknown}
 k - a potion of resistance {unknown}
 m - 3 potions of heal wounds {unknown}
 p - 2 potions of magic {unknown}
 t - 2 potions of flight {unknown}
 v - 2 potions of haste {unknown}


   Skills:
 + Level 7.3(12.3) Fighting
 + Level 10.4(15.4) Axes
 * Level 2.4(7.4) Throwing
 + Level 9.0(14.0) Armour
 - Level 1.9(6.9) Dodging
 - Level 1.0(6.0) Stealth
 + Level 5.9(10.9) Shields
 * Level 4.3 Invocations


You had 8 spell levels left.
You didn't know any spells.
Your spell library was empty.

Dungeon Overview and Level Annotations

Branches:
Dungeon (8/15)             Temple (1/1) D:5
   Lair: D:8-11

Altars:
Ashenzari
Cheibriados
Dithmenos
Elyvilon
Fedhas
Gozag
Hepliaklqana
Kikubaaqudgha
Nemelex Xobeh
Okawaru
Qazlal
Ru
Sif Muna
Trog
Uskayaw
Vehumet
Wu Jian
Xom
Yredelemnul
Zin
The Shining One

Shops:
D:1 :

Annotations:
D:4 2 transporters, dvd2's ghost, amateur DDFi


Innate Abilities, Weirdness & Mutations

You have a pair of horns on your head.
You reflexively headbutt those who attack you in melee.


Message History

The acid dragon bites you but does no damage.
You block the acid dragon's attack.
You hit the acid dragon.
The acid dragon is moderately wounded.
You hit the two-headed ogre.
The two-headed ogre hits you with a +0 giant club!!
The two-headed ogre hits you with a +0 giant club.
You barely miss the two-headed ogre.
The two-headed ogre is lightly wounded.
You hit the acid dragon but do no damage.
The acid dragon closely misses you. You block the acid dragon's attack.
You hit the two-headed ogre but do no damage.
The two-headed ogre is lightly wounded.
You hit the acid dragon but do no damage.
You block the two-headed ogre's attack. The two-headed ogre closely misses you.
The acid dragon bites you but does no damage.
The acid dragon claws you but does no damage.
Unknown command.
Okay, then.
You hit the two-headed ogre.
The two-headed ogre is lightly wounded.
The two-headed ogre barely misses you.
The two-headed ogre hits you with a +0 giant club!
* * * LOW HITPOINT WARNING * * *
As you read the scroll labelled DUJYEFFIEM, it crumbles to dust.
It is a scroll of identify.
j - 4 scrolls of enchant weapon
Found 15 gold pieces.
You are no longer corroded.
Found 2 boomerangs.
A centaur comes into view.
The centaur shouts!
The centaur wields a +2 shortbow of freezing.
It is covered in frost.
The centaur shoots an arrow.
You block the arrow.
The centaur shoots an arrow.
The arrow hits you but does no damage.
The centaur shoots an arrow.
The arrow hits you but does no damage.
The two-headed ogre hits you with a +0 giant club!
* * * LOW HITPOINT WARNING * * *
The two-headed ogre hits you with a +0 giant club!
You die...

........... #..........
#.......... #..........
## .# #..D....... ...
.####...#############....
....'.........D..........
.####...########O.$......
........### #@......##
.........................
........########.......##
.......## #.(.....#
)####### #.......#
.####### c.........
)).....# ..........
.).....# .........
.......#


You could see a two-headed ogre and a centaur.

Vanquished Creatures
  Joseph (D:7)
  Sigmund (D:5)
  3 water moccasins
  An acid dragon (D:8)
  An orc warrior (D:7)
  A sky beast (D:6)
  A black bear (D:6)
  2 ogres (D:6)
  A phantom (D:5)
  3 centaurs
  Blork the orc (D:5)
  2 kobold brigands
  2 bullfrogs (D:7)
  2 scorpions
  4 killer bees (D:7)
  8 wights
  2 howler monkeys
  A bullfrog zombie (D:6)
  2 hounds
  A centaur skeleton (D:4)
  6 jellies
  3 bullfrog skeletons
  A gnoll shaman (D:3)
  An orc priest (D:7)
  3 iguanas
  2 orc wizards (D:6)
  A killer bee zombie (D:7)
  3 gnolls (D:4)
  11 adders
  A white imp (D:7)
  2 adder skeletons (D:4)
  3 dart slugs (D:2)
  11 orcs
  3 endoplasms
  3 giant cockroaches
  5 goblins
  5 hobgoblins
  2 jackals (D:2)
  3 ball pythons (D:4)
  4 bats
  2 frilled lizards
  27 kobolds
  4 rats
146 creatures vanquished.

Vanquished Creatures (others)
  58 plants (D:4)
58 creatures vanquished.

Grand Total: 204 creatures vanquished

Notes
Turn   | Place    | Note
-------+----------+-------------------------------------------
     0 | D:1      | Exodus22XD the Minotaur Fighter began the quest for the
                  | Orb.
     0 | D:1      | Reached XP level 1. HP: 19/19 MP: 0/0
    93 | D:1      | Found Xaesm's Book Shop.
   812 | D:2      | Reached XP level 2. HP: 27/27 MP: 1/1
   851 | D:2      | Reached skill level 3 in Axes
   856 | D:2      | Reached XP level 3. HP: 30/33 MP: 2/2
  1902 | D:3      | Reached XP level 4. HP: 9/40 MP: 3/3
  1902 | D:3      | HP: 1/40 [wight/+0 spear (8)]
  1905 | D:3      | Reached skill level 4 in Axes
  1905 | D:3      | Reached XP level 5. HP: 2/46 MP: 4/4
  2208 | D:3      | Reached skill level 5 in Armour
  2208 | D:3      | Reached skill level 1 in Dodging
  2210 | D:3      | Reached skill level 5 in Axes
  2210 | D:3      | Reached XP level 6. HP: 23/53 MP: 5/5
  2708 | D:4      | Noticed dvd2's ghost (amateur DDFi)
  2711 | D:4      | Found a transporter.
  2773 | D:4      | Reached skill level 5 in Fighting
  2777 | D:4      | Reached skill level 1 in Stealth
  2777 | D:4      | Reached XP level 7. HP: 49/61 MP: 6/6
  2852 | D:4      | Reached skill level 6 in Axes
  2954 | D:3      | HP: 3/61 [gnoll shaman/+0 whip (3)]
  3515 | D:4      | Found a transporter.
  3915 | D:5      | Entered Level 5 of the Dungeon
  4014 | D:5      | Noticed Blork the orc
  4023 | D:5      | Killed Blork the orc
  4127 | D:5      | Found a staircase to the Ecumenical Temple.
  4139 | Temple   | Entered the Ecumenical Temple
  4261 | Temple   | Became a worshipper of Warmaster Okawaru
  4344 | D:5      | Noticed Sigmund
  4356 | D:5      | Killed Sigmund
  4357 | D:5      | Reached skill level 7 in Axes
  4357 | D:5      | Reached skill level 5 in Shields
  4357 | D:5      | Reached XP level 8. HP: 55/70 MP: 7/7
  4711 | D:5      | Reached skill level 1 in Invocations
  4725 | D:5      | Found a stormy altar of Qazlal.
  4851 | D:5      | Found a hide-covered altar of Uskayaw.
  5312 | D:6      | Reached skill level 8 in Axes
  5768 | D:6      | Reached * piety under Okawaru
  6346 | D:6      | Reached XP level 9. HP: 72/78 MP: 10/10
  6814 | D:7      | Noticed Joseph
  6828 | D:7      | Killed Joseph
  6829 | D:7      | Reached skill level 9 in Axes
  6975 | D:7      | Reached ** piety under Okawaru
  7051 | D:7      | Found an opulent altar of Gozag.
  7183 | D:7      | Reached skill level 1 in Throwing
  7481 | D:7      | Reached skill level 10 in Axes
  8440 | D:8      | Noticed a two-headed ogre
  8462 | D:8      | Slain by a two-headed ogre

Illustrated notes

Levels and vault maps discovered:
D:1:      dpeg_arrival_boxorama, layout_loops_ring, serial_shops,
          nicolae_shop_stone
D:2:      layout_loops_ring
D:3:      layout_basic
D:4:      kennysheep_kobold_camp, layout_cave_pools, gammafunk_ghost_arena,
          serial_bayou_pond_b, grunt_decor_mini_mirrors, saegor_snake_ambush
D:5:      layout_basic, general_overflow_altar, mainiacjoe_overflow_alcove_4,
          minmay_temple_entry_stoned_glass, hangedman_decor_riveting,
          uniq_blork_the_orc, uniq_sigmund
D:6:      kennysheep_six_static_rooms, layout_layer_cave, dk_noncrumbling_4,
          nrook_pool_corridor
D:7:      layout_basic, nicolae_gozag_seed_capital, uniq_joseph
D:8:      layout_basic, uniq_grum, uniq_prince_ribbit1, uniq_psyche
Temple:   hc_temple_tempest_star

Skill      XL: |  1  2  3  4  5  6  7  8  9 |
---------------+----------------------------+-----
Armour         | 4 5 6 8 9 |  9.0
Axes           | 3 4 5 7 8 10 | 10.4
Fighting       | 4 5 6 7 |  7.3
Shields        | 4 5 |  5.9
Dodging        | 1 |  1.9
Stealth        | 1 |  1.0
Invocations    | 2 4 |  4.3
Throwing       | 2 |  2.4

Action                   |  1- 3 |  4- 6 |  7- 9 || total
-------------------------+-------+-------+-------++-------
Melee: War axe           |    76 |    61 |   271 ||   408
       Headbutt          |    13 |     9 |    49 ||    71
Invok: Heroism           |       |       |     3 ||     3
  Use: Potion            |       |     1 |     1 ||     2
       Scroll            |       |       |     1 ||     1
Armor: Scale mail        |    34 |    35 |    26 ||    95
       Chain mail        |       |       |    95 ||    95
       Plate armour      |       |       |    38 ||    38
Dodge: Dodged            |    32 |    40 |   122 ||   194
Block: Buckler           |    19 |    19 |    77 ||   115
